 Dungeon Crawl Stone Soup version 0.30.1-11-g7821555f0a (webtiles) character file.

Game seed: 14206873840314345302

38 Jerry the Cudgeller (level 3, -1/29 (35) HPs)
             Began as a Troll Gladiator on Dec 6, 2023.
             Slain by a gnoll
             ... wielding a +2 flail of draining
              (3 damage)
             ... on level 2 of the Dungeon.
             The game lasted 00:02:16 (776 turns).

Jerry the Cudgeller (Troll Gladiator)                Turns: 776, Time: 00:02:17

HP:   -1/29 (35)    AC:  4    Str: 22    XL:     3   Next: 25%
MP:   2/2           EV: 10    Int:  6    God:
Gold: 32            SH:  0    Dex: 11    Spells: 2/2 levels left

rFire   . . .        k - +2 whip (freeze)
rCold   . . .        (no shield)
rNeg    . . .        b - +0 robe
rPois   .            c - +0 hat
rElec   .            (no cloak)
rCorr   .            (gloves unavailable)
SInv    .            (boots unavailable)
Will    .....        (no amulet)
Stlth   +            (no ring)
HPRegen 1.04/turn    (no ring)
MPRegen 0.08/turn

%: no passive effects
@: heavily drained
A: large, unfitting armour, claws 3, regeneration 1, shaggy fur 1, tough skin 1
a: no special abilities


You were on level 2 of the Dungeon.
You visited 1 branch of the dungeon, and saw 2 of its levels.

You collected 32 gold pieces.

Inventory:

Hand Weapons
 a - a +0 flail
 g - a +1 mace of holy wrath
 k - a +2 whip of freezing (weapon)
Missiles
 d - 3 throwing nets (quivered)
 e - 3 large rocks
Armour
 b - a +0 robe (worn)
 c - a +0 hat (worn)
Scrolls
 f - a scroll of fear {unknown}
 i - a scroll of identify {unknown}
Potions
 h - a potion of haste {unknown}
 j - a potion of berserk rage {unknown}


   Skills:
 + Level 2.0 Fighting
 + Level 3.0 Maces & Flails
 + Level 2.2 Throwing
 + Level 2.8 Dodging


You had 2 spell levels left.
You didn't know any spells.
Your spell library was empty.

Dungeon Overview and Level Annotations

Branches:
Dungeon (2/15)

Altars:

Shops:
D:1 *


Innate Abilities, Weirdness & Mutations

You are too large for most types of armour.
You have claws for hands.
Your natural rate of healing is unusually fast.
You are covered in fur. (AC +1)
You have tough skin. (AC +1)


Message History

The gnoll hits you with a +2 flail of draining.
You feel drained.
You closely miss the gnoll.
The gnoll is severely wounded.
The gnoll barely misses you.
You closely miss the gnoll.
The gnoll is severely wounded.
The gnoll closely misses you.
You hit the gnoll. You freeze the gnoll.
You kill the gnoll!
Your life force feels restored.
Your Fighting skill increases to level 2!
You barely miss the gnoll. The gnoll closely misses you.
You closely miss the gnoll. The gnoll hits you but does no damage.
You feel drained.
You closely miss the gnoll.
The gnoll hits you with a +2 flail of draining!
You feel drained.
You are too injured to fight recklessly!
You are too injured to fight recklessly!
You are too injured to fight recklessly!
You hit the gnoll but do no damage.
The gnoll hits you with a +2 flail of draining!
You feel drained.
* * * LOW HITPOINT WARNING * * *
You closely miss the gnoll. The gnoll closely misses you.
You hit the gnoll. You freeze the gnoll.
The gnoll is moderately wounded.
The gnoll hits you with a +2 flail of draining!
* * * LOW HITPOINT WARNING * * *
You feel drained.
* * * LOW HITPOINT WARNING * * *
The gnoll attacks as you move away!
The gnoll hits you with a +2 flail of draining.
* * * LOW HITPOINT WARNING * * *
You feel drained.
* * * LOW HITPOINT WARNING * * *
The gnoll attacks as you move away!
The gnoll hits you with a +2 flail of draining.
You die...

............>..........#
#.......#.#.#...#....###
#......)#.#.#..........###
#..................#.....#
#......##.#.#...#......#.#
#......##.#.#...###....#.#
+......##.#.#...#......#.#
#......##.#.#...#.###..#.#
#.#....##@#.#...#......#.#
#.#......g..#...#####.##.#
# #....###.......<.....#.#
#....#..........#..###
#......#.#........#..#
######.#.#........#..#
#.#)#..#######..# ..#.#...
.... #.#.##.## ##...#


You could see a gnoll.

Vanquished Creatures
  A gnoll (D:2)
  A dart slug (D:1)
  An orc (D:2)
  A ball python (D:2)
  7 bats (D:1)
  An endoplasm (D:1)
  4 goblins (D:1)
  2 hobgoblins (D:1)
  A quokka (D:1)
  2 frilled lizards
  A kobold (D:1)
  2 rats (D:1)
24 creatures vanquished.

Notes
Turn   | Place    | Note
-------+----------+-------------------------------------------
     0 | D:1      | Jerry the Troll Gladiator began the quest for the Orb.
     0 | D:1      | Reached XP level 1. HP: 19/19 MP: 0/0
    91 | D:1      | Found Joihocwa's General Store.
   129 | D:1      | Reached XP level 2. HP: 28/28 MP: 1/1
   353 | D:1      | Reached skill level 3 in Maces & Flails
   738 | D:2      | Reached XP level 3. HP: 28/35 MP: 2/2
   770 | D:2      | HP: 1/30 [gnoll/+2 flail of draining (2)]
   775 | D:2      | HP: 1/29 [gnoll/+2 flail of draining (1)]
   776 | D:2      | Slain by a gnoll

Illustrated notes

Levels and vault maps discovered:
D:1:      lemuel_arrival_room, layout_basic, serial_shops,
          nicolae_shop_tiny_waterfront
D:2:      layout_basic

Skill      XL: |  1  2  3 |
---------------+----------+-----
Throwing       | 2 |  2.2
Maces & Flails | 3 |  3.0
Fighting       | 2 |  2.0
Dodging        | |  2.8

Action                     || total
---------------------------++-------
  Melee: Mace              ||    48
         Flail             ||     8
         Punch             ||     2
         Whip              ||    28
   Stab: Sleeping          ||     1
 Armour: Robe              ||    37
  Dodge: Dodged            ||    59
